AoeStats
← NDF

Arabia

506551339Analyzed
1v1 RM · 17d ago on Sep 14, 2026· 32m 3s· 2 players
Game mode
Random Map
Map size
Tiny (2 player)
Population
200
Speed
Normal
Resources
Standard
Victory
Conquest
Starting age
Dark Age
Ending age
Imperial Age
RankedLock teamsTeams togetherTeam positionsShared explorationLock speedFull tech treeHidden civsTurbo modeCheats
Victory
Defeat
🇦🇷 Teutons · Argentina
548
+11
🇦🇷 Magyars · Argentina
427
-11
benjaminmarquinez7
13:57 Feudal Age
14:37 Double-Bit Axe
14:36 Horse Collar
19:21 Stone Mining
21:41 Castle Age
20:18 Bloodlines
20:39 Scale Barding Armor
21:34 Fletching
23:51 Bow Saw
25:19 Gold Mining
25:33 Heavy Plow
26:00 Chain Barding Armor
29:06 Light Cavalry
29:47 Husbandry
NDF
3:15 Loom
14:07 Feudal Age
15:35 Man-at-Arms
21:47 Castle Age
20:17 Horse Collar
20:27 Double-Bit Axe
21:12 Gold Mining
21:18 Arson
21:40 Fletching
25:39 Squires
28:53 Stone Mining
29:20 Padded Archer Armor
Connection lost

Rejoining the realm…

Still unreachable

The connection could not be restored.

Session expired

The server has moved on; the page needs a fresh start.